 Dungeon Crawl Stone Soup version 0.28-a0-2-g643f2454ad (webtiles) character file.

Game seed: 10436138817888676892

59144 robertstho the Eclecticist (level 15, -1/107 HPs)
             Began as a Djinni Fire Elementalist on July 22, 2021.
             Was an Initiate of Gozag.
             Killed by an exploding ball lightning (6 damage)
             ... on level 1 of the Spider Nest.
             The game lasted 00:55:11 (35425 turns).

robertstho the Eclecticist (DjFE)                  Turns: 35425, Time: 00:55:11

Health: -1/107     AC:  8    Str:  7    XL:     15   Next: 32%
Gold:   620        EV: 14    Int: 19    God:    Gozag SH: 12 Dex: 15

rFire   + + +      SeeInvis +   C - +1 demon trident (drain)
rCold   . . .      Faith    .   n - +2 buckler
rNeg    . . .      Spirit   .   g - +2 robe {rC+}
rPois   ∞          Reflect  +   m - +0 helmet
rElec   +          Harm     .   B - +2 cloak {rCorr}
rCorr   +          Rampage  .   (no gloves)
Will    +....                   (boots unavailable)
Stlth   +++.......              f - amulet of reflection
HPRegen 0.27/turn               Q - ring of Springtime {rElec rF++ Int-3 Slay+5 SInv}
MPRegen 0.00/turn               p - ring of wizardry

@: gold aura, flying
A: sickness immunity, fire resistance 2, cold vulnerability 1, float, innate
caster, hp casting, extra vitality 1
a: Renounce Religion, Potion Petition, Call Merchant, Bribe Branch


You were on level 1 of the Spider Nest.
You worshipped Gozag.
Gozag was pleased with you.
You visited 5 branches of the dungeon, and saw 23 of its levels.

You collected 5622 gold pieces.
You spent 4552 gold pieces at shops.
You paid 450 gold pieces to Gozag.

Inventory:

Hand Weapons
 d - a +2 dagger of venom
 v - a +2 short sword of speed
 y - a +1 great sword of freezing
 C - a +1 demon trident of draining (weapon)
 D - a +1 scimitar of flaming
Missiles
 K - 2 throwing nets
Armour
 g - a +2 robe of cold resistance (worn)
 m - a +0 helmet (worn)
 n - a +2 buckler (worn)
 B - a +2 cloak of preservation (worn)
 E - a +1 robe of fire resistance
Jewellery
 c - a ring of willpower
 f - an amulet of reflection (around neck)
 i - a ring of fire
 p - a ring of wizardry (right hand)
 w - a ring of resist corrosion
 L - an amulet of regeneration
 N - the ring "Azxaer" {rC+ rN+}
   (You acquired it on level 2 of the Orcish Mines)

   [ring of positive energy]

   rC:        It protects you from cold.
   rN:        It protects you from negative energy.
 O - a +4 ring of slaying
 Q - the ring of Springtime (left hand) {rElec rF++ Int-3 Slay+5 SInv}
   (You bought it in a shop on level 2 of the Orcish Mines)

   [ring of see invisible]

   Int:       It affects your intelligence (-3).
   Slay:      It affects your accuracy & damage with ranged weapons and melee
   (+5).
   rF:        It greatly protects you from fire.
   rElec:     It insulates you from electricity.
   SInv:      It lets you see invisible.
Wands
 q - a wand of digging (4)
 r - a wand of acid (9)
 A - a wand of iceblast (42)
 M - a wand of charming (6)
Scrolls
 a - 3 scrolls of magic mapping
 b - 6 scrolls of enchant weapon
 j - 3 scrolls of immolation
 k - 7 scrolls of enchant armour
 l - 6 scrolls of identify
 o - 8 scrolls of teleportation
 u - a scroll of fog
 F - a scroll of brand weapon
 G - a scroll of holy word
 H - a scroll of torment
 P - a scroll of fear
Potions
 e - 12 potions of curing
 h - 2 potions of attraction
 s - a potion of resistance
 t - a potion of invisibility
 x - 2 potions of lignification
 z - 4 potions of haste
 I - a potion of mutation
 J - a potion of might


   Skills:
 * Level 9.7 Fighting
 + Level 2.0 Short Blades
 + Level 0.6 Polearms
 + Level 6.0 Dodging
 + Level 4.9 Stealth
 + Level 4.3 Shields
 * Level 16.5 Spellcasting
 + Level 0.1 Evocations


You had 6 spell levels left.
You knew the following spells:

 Your Spells              Type           Power      Damage    Failure   Level
a - Foxfire               Conj/Fire      100%       2x1d9     0%          1
b - Conjure Flame         Conj/Fire      68%        6-21      0%          3
c - Inner Flame           Hex/Fire       68%        N/A       0%          3
d - Sticky Flame          Conj/Fire      68%        2d8       1%          4
e - Fireball              Conj/Fire      34%        3d14      1%          5
f - Animate Skeleton      Necr           100%       N/A       0%          1
g - Searing Ray           Conj           100%       3d7       0%          2
h - Swiftness             Air            68%        N/A       0%          3
i - Hailstorm             Conj/Ice       68%        3d14      1%          4
j - Dispel Undead         Necr           68%        3d23      1%          4
k - Summon Mana Viper     Hex/Summ       68%        N/A       1%          5
l - Conjure Ball Lightni  Conj/Air       34%        3x3d11    1%          6
Your spell library was empty.

Dungeon Overview and Level Annotations

Branches:
Dungeon (13/15)            Temple (1/1) D:7            Lair (6/6) D:9
 Shoals (0/4) Lair:3       Spider (1/4) Lair:3        Slime (0/5) Lair:5
    Orc (2/2) D:11            Elf (0/3) Orc:2
 Vaults: D:13-14

Altars:
Ashenzari
Cheibriados
Dithmenos
Elyvilon
Fedhas
Gozag
Hepliaklqana
Kikubaaqudgha
Makhleb
Nemelex Xobeh
Okawaru
Qazlal
Ru
Sif Muna
Trog
Uskayaw
Vehumet
Wu Jian
Xom
Yredelemnul
Zin
The Shining One
Jiyva

Shops:
D:1 [?[*(   D:11 !   Orc:1 *   Orc:2 [*=!

Annotations:
D:11 1 runed translucent door
Lair:3 2 transporters
Orc:2 Amulet shield +8


Innate Abilities, Weirdness & Mutations

You are immune to sickness and miasma.
You are immune to poison.
Your flesh is very heat resistant. (rF++)
You are vulnerable to cold. (rC-)
You float through the air rather than walking.
You learn spells naturally, not from books.
Your magical power is your life essence.
You have superior vitality. (+4 HP)


Message History

You block the demonic crawler's attack. x2
The demonic crawler hits you but does no damage.
You hear an angry hiss.
Unknown command.
Unknown command.
Casting: Conjure Ball Lightning (mildly dangerous; 1% risk of failure)
Confirm with . or Enter, or press ? or * to list all spells.
You create some ball lightning! 3 ball lightnings come into view.
The wolf spider hits you!
* * * LOW HITPOINT WARNING * * *
You block the wolf spider's attack.
A redback comes into view.
Your ball lightning explodes!
The blast of lightning engulfs your ball lightning.
Your ball lightning completely resists.
The blast of lightning engulfs your ball lightning.
Your ball lightning completely resists.
The blast of lightning engulfs the wolf spider!
You kill the wolf spider!
The blast of lightning engulfs your ball lightning.
Your ball lightning completely resists.
The blast of lightning engulfs you! You resist.
* * * LOW HITPOINT WARNING * * *
The blast of lightning engulfs the orb spider!
You kill the orb spider!
The blast of lightning engulfs the demonic crawler.
The demonic crawler resists.
The demonic crawler is heavily wounded.
The blast of lightning engulfs your ball lightning.
Your ball lightning completely resists.
The demonic crawler hits you.
* * * LOW HITPOINT WARNING * * *
The demonic crawler closely misses you. The demonic crawler hits you!
* * * LOW HITPOINT WARNING * * *
The tarantella bites your ball lightning!
Your ball lightning explodes!
The blast of lightning engulfs you. You resist.
You die...
Your body crumbles into a pile of gold.

# ......
###.###.^..##
#...#.#.$...#
...........## .
#..........#..
#..........s..
#..$..*.$s..s.
$
##..**$ss$....
#.....#@.#.....
$ #.....####
.... ..... ...
...## ^. ... #
..


You could see a demonic crawler (ally target), a tarantella, 3 redbacks and 3
friendly ball lightnings.

Vanquished Creatures
  An orc warlord (Orc:2)
  Harold (D:9)
  3 hydras
  Erica (D:9)
  6 death yaks
  3 two-headed ogres
  3 orc high priests (Orc:2)
  Sonja (D:12)
  3 orc knights
  An orb spider (Spider:1)
  A cyclops (Orc:2)
  A wolf spider (Spider:1)
  A manticore (D:13)
  6 orc sorcerers
  2 elephants (Lair:4)
  4 black mambas
  A merfolk siren (Lair:3)
  Maurice (D:9)
  A centaur zombie (D:11)
  2 gargoyles (D:12)
  14 cane toads
  A torpor snail (Lair:2)
  An unseen horror (D:10)
  10 komodo dragons
  6 trolls
  A polar bear (Lair:4)
  A tyrant leech (Lair:6)
  6 blink frogs
  4 slime creatures (D:12)
  6 dream sheep
  3 redbacks (Spider:1)
  46 yaks
  A wraith (D:9)
  5 wyverns
  A basilisk (Lair:4)
  3 steam dragons
  7 vampire mosquitoes
  3 wargs (Orc:1)
  11 water moccasins
  31 orc warriors
  2 black bears
  An ice beast (D:8)
  20 wolves
  9 ogres
  6 centaurs
  A phantom (D:5)
  16 bullfrogs
  A kobold brigand (D:9)
  5 scorpions
  A water moccasin zombie (D:5)
  5 wights (D:7)
  6 electric eels
  A bullfrog zombie (D:6)
  A jelly (D:5)
  A bullfrog skeleton (D:6)
  A gnoll shaman (D:4)
  35 orc priests
  3 hounds
  2 centaur skeletons
  Jessica (D:3)
  Terence (D:2)
  3 iguanas
  35 orc wizards
  2 howler monkey zombies
  8 gnolls
  11 adders
  3 river rats (D:3)
  A shadow imp (D:8)
  A white imp (D:7)
  An ufetubus (D:7)
  7 worms
  4 dart slugs
  74 orcs
  8 endoplasms
  5 giant cockroaches
  11 goblins
  2 hobgoblins
  19 jackals
  5 quokkas
  11 ball pythons
  3 bats
  A frilled lizard (D:1)
  17 kobolds
  9 rats
  A spectral hobgoblin (D:1)
565 creatures vanquished.

Vanquished Creatures (collateral kills)
  A hydra (Lair:4)
  4 death yaks
  A black mamba (Lair:6)
  7 cane toads
  A rime drake (Lair:6)
  2 komodo dragons (Lair:6)
  A polar bear (Lair:4)
  A tyrant leech (Lair:6)
  10 blink frogs (Lair:6)
  5 yaks (Lair:4)
  A basilisk (Lair:5)
  5 vampire mosquitoes (Lair:6)
  2 water moccasins
  4 bullfrogs (Lair:6)
45 creatures vanquished.

Vanquished Creatures (others)
  16 ball lightnings
  A bush (Lair:4)
  639 foxfires
  57 fungi
  136 plants
849 creatures vanquished.

Grand Total: 1459 creatures vanquished

Notes
Turn   | Place    | Note
-------+----------+-------------------------------------------
     0 | D:1      | robertstho the Djinni Fire Elementalist began the quest for
                  | the Orb.
     0 | D:1      | Reached XP level 1. HP: 15/15 MP: 0/0
   315 | D:1      | Reached XP level 2. HP: 14/22 MP: 0/0
   604 | D:1      | Found Baunuq's Antique Weapon Boutique.
   699 | D:1      | Found Vot Kerph's Antique Armour Emporium.
   757 | D:1      | Found Kaetoun's Magic Scroll Shoppe.
   871 | D:1      | Found a faded altar of an unknown god.
   940 | D:1      | Reached XP level 3. HP: 21/26 MP: 0/0
   940 | D:1      | Learned a level 1 spell: Animate Skeleton
  1040 | D:1      | Reached skill level 3 in Spellcasting
  1136 | D:1      | Found Makk's Assorted Antiques.
  1328 | D:1      | Found Toewadgh's Armour Boutique.
  2183 | D:2      | Reached XP level 4. HP: 30/31 MP: 0/0
  2637 | D:2      | Noticed Terence
  2652 | D:2      | Killed Terence
  2994 | D:2      | Found a shadowy altar of Dithmenos.
  3455 | D:3      | Reached XP level 5. HP: 32/36 MP: 0/0
  3455 | D:3      | Learned a level 2 spell: Searing Ray
  3748 | D:3      | Found a basalt altar of Yredelemnul.
  3750 | D:3      | Noticed a centaur
  3756 | D:3      | Killed a centaur
  3757 | D:3      | Reached skill level 1 in Fighting
  3757 | D:3      | Reached skill level 4 in Spellcasting
  4050 | D:3      | Reached XP level 6. HP: 36/43 MP: 0/0
  4648 | D:3      | Found an ornate altar of the Wu Jian Council.
  4648 | D:3      | Found a hide-covered altar of Uskayaw.
  4850 | D:3      | Noticed Jessica
  4854 | D:3      | Killed Jessica
  5182 | D:4      | Reached skill level 5 in Spellcasting
  5182 | D:4      | Reached XP level 7. HP: 44/49 MP: 0/0
  5182 | D:4      | Learned a level 3 spell: Swiftness
  5391 | D:4      | Reached skill level 1 in Shields
  6113 | D:4      | Reached XP level 8. HP: 47/55 MP: 0/0
  6347 | D:4      | Reached skill level 6 in Spellcasting
  6626 | D:5      | Entered Level 5 of the Dungeon
  7509 | D:5      | Reached skill level 7 in Spellcasting
  7512 | D:5      | Reached XP level 9. HP: 34/61 MP: 0/0
  7512 | D:5      | Learned a level 4 spell: Hailstorm
  7676 | D:5      | Found a shadowy altar of Dithmenos.
  9025 | D:6      | Reached skill level 8 in Spellcasting
  9407 | D:6      | Found a shimmering altar of Xom.
  9561 | D:7      | Found a staircase to the Ecumenical Temple.
  9570 | Temple   | Entered the Ecumenical Temple
 10567 | D:7      | Found a hazy altar of Hepliaklqana.
 10715 | D:8      | Found a white marble altar of Elyvilon.
 10718 | D:8      | Found an opulent altar of Gozag.
 10727 | D:8      | Became a worshipper of Gozag Ym Sagoz the Greedy
 10744 | D:8      | Found a snail-covered altar of Cheibriados.
 10980 | D:8      | Reached XP level 10. HP: 25/67 MP: 0/0
 11181 | D:8      | Found a burning altar of Makhleb.
 11730 | D:9      | Reached skill level 9 in Spellcasting
 11733 | D:9      | Noticed a komodo dragon
 11739 | D:9      | Killed a komodo dragon
 11739 | D:9      | Noticed a komodo dragon
 12038 | D:9      | Noticed Harold
 12219 | D:9      | Killed a komodo dragon
 12570 | D:9      | Noticed Maurice
 12576 | D:9      | Killed Maurice
 12577 | D:9      | Reached skill level 5 in Fighting
 13014 | D:1      | Bought an embroidered cloak for 165 gold pieces
 13288 | D:9      | Reached skill level 10 in Spellcasting
 13670 | D:9      | Noticed Erica
 13678 | D:9      | Killed Erica
 13785 | D:9      | Found a staircase to the Lair.
 13791 | D:9      | Reached XP level 11. HP: 47/76 MP: 0/0
 13791 | D:9      | Learned a level 4 spell: Dispel Undead
 13854 | D:9      | Killed Harold
 14286 | D:9      | Reached skill level 11 in Spellcasting
 14576 | D:10     | Entered Level 10 of the Dungeon
 15158 | D:10     | Reached skill level 1 in Short Blades
 15393 | D:10     | You are sucked into a shaft and drop 3 floors!
 15406 | D:13     | Noticed a manticore
 15410 | D:13     | Noticed a red ugly thing
 15411 | D:13     | Killed a manticore
 15416 | D:12     | Noticed Sonja
 15899 | D:11     | Found a runed translucent door.
 15966 | D:11     | Found a staircase to the Orcish Mines.
 16203 | D:11     | Noticed a two-headed ogre
 16213 | D:11     | Killed a two-headed ogre
 16220 | D:11     | Reached skill level 12 in Spellcasting
 16278 | D:11     | Noticed a two-headed ogre
 16282 | D:11     | Killed a two-headed ogre
 16283 | D:11     | Reached XP level 12. HP: 42/84 MP: 0/0
 16535 | D:11     | Found Joowk's Distillery.
 16576 | D:11     | Bought a potion of curing for 36 gold pieces
 16576 | D:11     | Bought 2 potions of haste for 240 gold pieces
 16576 | D:11     | Bought a potion of heal wounds for 60 gold pieces
 16576 | D:11     | Bought a potion of magic for 96 gold pieces
 16576 | D:11     | Bought a potion of mutation for 96 gold pieces
 16576 | D:11     | Bought a potion of might for 48 gold pieces
 16576 | D:11     | Bought a potion of heal wounds for 60 gold pieces
 16865 | D:11     | Noticed a tengu warrior
 17375 | D:12     | Killed Sonja
 17494 | D:12     | Reached skill level 5 in Dodging
 18043 | D:12     | HP: 3/84 [red ugly thing (7)]
 18048 | D:12     | HP: 2/84 [wraith (11)]
 18385 | D:13     | Noticed a two-headed ogre
 18391 | D:13     | Killed a two-headed ogre
 18395 | D:13     | Noticed an iron dragon
 18705 | Lair:1   | Entered Level 1 of the Lair of Beasts
 19780 | Lair:2   | Reached skill level 13 in Spellcasting
 19780 | Lair:2   | Noticed a four-headed hydra
 20611 | Lair:2   | Reached XP level 13. HP: 50/90 MP: 0/0
 20611 | Lair:2   | Learned a level 5 spell: Summon Mana Viper
 20713 | Lair:2   | Killed a four-headed hydra
 21765 | Lair:3   | Found a transporter.
 21835 | Lair:3   | Found a staircase to the Shoals.
 22010 | Lair:3   | Found a hole to the Spider Nest.
 22135 | Lair:3   | Found a transporter.
 23164 | Lair:4   | Reached skill level 14 in Spellcasting
 23362 | Lair:5   | Found a viscous altar of Jiyva.
 23364 | Lair:5   | Found a staircase to the Slime Pits.
 25370 | Lair:6   | Entered Level 6 of the Lair of Beasts
 25678 | Lair:6   | Reached XP level 14. HP: 48/99 MP: 0/0
 26094 | Lair:6   | Identified the amulet of Yluyroiss {Spirit Str+5 Int+4}
 26695 | Lair:6   | Reached skill level 15 in Spellcasting
 27225 | Lair:6   | Found a shadowy altar of Dithmenos.
 30647 | Orc:1    | Entered Level 1 of the Orcish Mines
 30803 | Orc:1    | Found Baogi's General Store.
 30818 | Orc:1    | Bought a scroll of teleportation for 42 gold pieces
 30818 | Orc:1    | Bought a scroll of acquirement for 728 gold pieces
 30818 | Orc:1    | Bought a scroll of identify for 28 gold pieces
 30818 | Orc:1    | Bought a +4 ring of slaying for 1092 gold pieces
 30818 | Orc:1    | Bought a potion of flight for 42 gold pieces
 30821 | Orc:1    | Acquired a +1 demon trident of draining
 30910 | Orc:2    | Entered Level 2 of the Orcish Mines
 30910 | Orc:2    | Found Wiuc's Distillery.
 31682 | Orc:2    | Reached skill level 16 in Spellcasting
 32326 | Orc:2    | Noticed an orc warlord
 32333 | Orc:2    | Killed an orc warlord
 32334 | Orc:2    | Reached XP level 15. HP: 71/105 MP: 0/0
 32334 | Orc:2    | Learned a level 6 spell: Conjure Ball Lightning
 34230 | Orc:2    | Bought a potion of lignification for 48 gold pieces
 34230 | Orc:2    | Bought a potion of curing for 48 gold pieces
 34230 | Orc:2    | Bought a potion of curing for 48 gold pieces
 34230 | Orc:2    | Bought a potion of curing for 48 gold pieces
 34389 | Orc:2    | Found Xianeaj's Antique Armour Shop.
 34390 | Orc:2    | Found Ekiejin's Antique Weapon Boutique.
 34392 | Orc:2    | Found Gerch's General Store.
 34392 | Orc:2    | Found Cis Suno's Jewellery Shop.
 34397 | Orc:2    | Bought a scroll of acquirement for 780 gold pieces
 34397 | Orc:2    | Bought a scroll of fear for 52 gold pieces
 34397 | Orc:2    | Acquired the ring "Azxaer" {rC+ rN+}
 34400 | Orc:2    | Bought the ring of Springtime {rElec rF++ Int-3 Slay+5
                  | SInv} for 795 gold pieces
 34498 | Orc:2    | Found a staircase to the Elven Halls.
 35419 | Spider:1 | Entered Level 1 of the Spider Nest
 35425 | Spider:1 | HP: 5/107 [demonic crawler (8)]
 35425 | Spider:1 | Killed by an exploding ball lightning

Illustrated notes

Levels and vault maps discovered:
D:1:      dpeg_arrival_another_circle, layout_rooms,
          dreamdust_ecumenical_altar_drowned_temple, serial_shops,
          nicolae_shop_statue_plus, shop, nicolae_shop_waterfront, shop,
          nicolae_shop_trees, minmay_bisected
D:2:      layout_loops_ring, basic_altar, fountainhead, uniq_terence
D:3:      layout_loops_corners, gammafunk_temple_overflow_statue,
          mainiacjoe_overflow_cross_hatched, lightli_sewer_entry_pipes,
          minmay_between, uniq_jessica
D:4:      minmay_angry_zag, layout_basic, dk_noncrumbling_4,
          hangedman_decor_lopped
D:5:      layout_loops_corners, lemuel_blue_sif_altar,
          grunt_dithmenos_smoke_and_mirrors
D:6:      layout_loops_corners, nicolae_overflow_hidden_temple
D:7:      layout_basic, lemuel_tele_altar, minmay_temple_entry_drinking_statues,
          chequers_serial_rivers_small_3
D:8:      layout_cave_pods, bloody_makhleb, grunt_temple_overflow_diamond,
          kennysheep_big_empty_room
D:9:      layout_stronghold, grunt_lair_entry_orc_guard_hut, uniq_harold,
          uniq_maurice, uniq_erica
D:10:     layout_rooms, serial_glass, glass_columns_c, glass_columns_c,
          glass_columns_a, glass_columns_a, glass_columns_b, glass_columns_a,
          glass_columns_c, glass_columns_a, glass_columns_a, glass_columns_a,
          grunt_decor_cap, grunt_ministairs_12, serial_bayou_ford_a
D:11:     layout_loops_ring, david_orc_2, serial_shops, nicolae_shop_stone,
          amethyst_killhole, lightli_airlock
D:12:     layout_grid_maze, uniq_sonja
D:13:     minmay_roctagon, layout_irregular_city, serial_shops, shop, uniq_snorg
Temple:   jpeg_temple_clearing
Lair:1:   layout_roguey, infiniplex_staircase_pool
Lair:2:   layout_regular_city, guppyfry_lair_drakes
Lair:3:   gammafunk_cloud_chamber, layout_regular_city,
          minmay_shoals_entry_lonely_mermaid, spider_nest_entry_webs,
          columned_hall_lemuel, lemuel_fruit_tree
Lair:4:   layout_layer_cave, beast_lair_carwin_3, grunt_megastairs_3
Lair:5:   layout_cave_pods, slime_altar_1, infiniplex_staircase_pool_2,
          lemuel_fruit_fields, grunt_megastairs_1
Lair:6:   minmay_lair_end_frog_pond, layout_regular_city, basic_altar
Spider:1: layout_spider_delve
Orc:1:    layout_caves, serial_shops, shop
Orc:2:    st_orc_congregation, layout_caves, serial_shops, shop_fountains

Skill      XL: |  1  2  3  4  5  6  7  8  9 10 11 12 13 14 15 |
---------------+----------------------------------------------+-----
Spellcasting   | 3 4 5 7 8 10 12 13 14 16 | 16.5
Fighting       | 1 2 3 4 5 6 7 8 9 |  9.7
Stealth        | 2 3 4 |  4.9
Dodging        | 3 4 5 6 |  6.0
Shields        | 1 2 3 4 |  4.3
Short Blades   | 1 2 |  2.0
Polearms       | |  0.6
Evocations     | |  0.1

Action                   |  1- 3 |  4- 6 |  7- 9 | 10-12 | 13-15 || total
-------------------------+-------+-------+-------+-------+-------++-------
Melee: Dagger            |       |    25 |    39 |    17 |    16 ||    97
       Demon trident     |       |       |       |       |     3 ||     3
 Cast: Foxfire           |   100 |   145 |   128 |       |       ||   373
       Sticky Flame      |       |       |    23 |    41 |    46 ||   110
       Fireball          |       |       |    29 |   154 |   326 ||   509
       Summon Mana Viper |       |       |       |       |    71 ||    71
       Swiftness         |       |       |       |       |     2 ||     2
       Conjure Ball Ligh |       |       |       |       |     7 ||     7
Invok: Potion Petition   |       |       |       |     1 |       ||     1
Evoke: Wand              |       |       |       |       |     1 ||     1
  Use: Scroll            |       |     7 |     3 |     7 |     7 ||    24
       Potion            |       |     3 |       |     5 |     2 ||    10
 Stab: Sleeping          |       |     1 |       |     1 |       ||     2
       Distracted        |       |       |       |       |     1 ||     1
Armor: Robe              |     2 |    11 |    12 |    12 |    16 ||    53
Dodge: Dodged            |     4 |    26 |    44 |    37 |    57 ||   168
Block: Buckler           |       |    31 |    43 |    42 |    59 ||   175
       Reflection        |       |     2 |     2 |       |     2 ||     6

Table legend: (Time is in decaauts)
 A = Elapsed time spent in this place.
 B = Non-inter-level travel time spent in this place.
 C = Inter-level travel time spent in this place.
 D = Time resting spent in this place.
 E = Time spent auto-exploring this place.
 F = Levels seen in this place.
 G = Mean time per level.
                   A        B        C        D        E       F      G
               +--------+--------+--------+--------+--------+-----+--------+
         Total |  35473 |  33978 |   1495 |   5118 |  25547 |  23 | 1542.3 |
       Dungeon |  18728 |  17787 |    941 |   1963 |  14047 |  13 | 1440.6 |
        Temple |    139 |    121 |     18 |      0 |    121 |   1 |  139.0 |
          Lair |  11977 |  11617 |    360 |   1459 |   9128 |   6 | 1996.2 |
   Spider Nest |      5 |      5 |      0 |      0 |      0 |   1 |    5.0 |
  Orcish Mines |   4622 |   4447 |    175 |   1696 |   2251 |   2 | 2311.0 |
               +--------+--------+--------+--------+--------+-----+--------+

Top non-repeatable levels by time:
   Orc:1: 3370 daAuts
  Lair:6: 3184 daAuts
  Lair:5: 2577 daAuts
    D:12: 2141 daAuts
  Lair:4: 2012 daAuts
     D:3: 1954 daAuts
     D:9: 1926 daAuts
  Lair:2: 1888 daAuts
     D:5: 1740 daAuts
     D:8: 1738 daAuts
     D:1: 1733 daAuts
     D:4: 1624 daAuts
     D:2: 1604 daAuts
     D:6: 1328 daAuts
  Lair:3: 1296 daAuts
